Map: [ESL] Hecate

Players

SKillous - Winner!

  • Race: Protoss Protoss
  • League: Grandmaster
  • Spawn Location: 7:00

HeroMarine

  • Race: Terran Terran
  • Spawn Location: 1:00

Event: HomeStory Cup XXIV

VOD

Have the link to the VOD?

Description

Time

  • Played on: Dec. 3, 2023, 1:52 p.m.
  • Length: 15:34

All games in this series

Show
View Real Time Build Order
Export as new Build Order

SKillous Protoss - Winner!

Build Orders: 1 Gate Expand, Blink Stalkers, Colossus Rush 

Get SALT Encoding   

  12  0:00  Probe  
  13  0:12  Probe  
  14  0:18  Pylon  
  14  0:24  Probe  
  15  0:37  Gateway  
  15  0:39  Probe (Chrono Boost)  
  16  0:48  Assimilator, Probe (Chrono Boost)  
  17  0:53  Probe (Chrono Boost)  
  18  1:05  Probe  
  19  1:17  Probe  
  20  1:26  Cybernetics Core  
  20  1:36  Nexus  
  20  1:41  Pylon  
  20  1:43  Probe  
  21  1:49  Assimilator  
  21  1:56  Probe  
  21  1:59  Adept (Chrono Boost)  
  22  2:02  Warp Gate  
  22  2:08  Probe (Chrono Boost)  
  25  2:17  Probe (Chrono Boost)  
  25  2:22  Probe (Chrono Boost), Adept  
  28  2:27  Twilight Council  
  29  2:34  Probe  
  30  2:43  Gateway  
  30  2:48  Probe (Chrono Boost)  
  32  2:54  Probe (Chrono Boost)  
  32  2:57  Stalker  
  32  2:58  Probe (Chrono Boost)  
  35  3:01  Probe (Chrono Boost)  
  35  3:02  Blink (Chrono Boost)  
  35  3:03  Probe (Chrono Boost)  
  38  3:12  Probe  
  38  3:15  Probe  
  39  3:23  Robotics Facility  
  39  3:25  Probe  
  39  3:26  Shield Battery  
  40  3:29  Probe  
  40  3:32  Pylon  
  41  3:37  Probe  
  41  3:41  Probe  
  43  3:49  Probe  
  43  3:51  Stalker x2  
  43  3:53  Probe  
  49  3:57  Pylon  
  49  4:00  Assimilator  
  49  4:01  Probe  
  50  4:03  Assimilator  
  50  4:05  Probe  
  51  4:13  Probe  
  51  4:16  Stalker  
  54  4:17  Probe  
  54  4:19  Stalker  
  57  4:24  Pylon  
  57  4:25  Probe  
  57  4:26  Observer (Chrono Boost)  
  57  4:29  Probe  
  60  4:37  Probe, Robotics Bay  
  61  4:41  Observer, Probe, Pylon  
  63  4:46  Nexus  
  63  4:51  Pylon  
  63  4:55  Stalker  
  63  4:59  Probe x2  
  67  5:01  Stalker  
  69  5:11  Probe  
  69  5:13  Probe  
  71  5:19  Observer  
  71  5:21  Colossus (Chrono Boost)  
  70  5:23  Charge (Chrono Boost), Probe  
  70  5:25  Probe  
  70  5:26  Observer  
  78  5:35  Probe  
  79  5:37  Probe  
  79  5:38  Shield Battery  
  79  5:39  Pylon  
  80  5:46  Shield Battery  
  80  5:51  Sentry x2, Probe  
  80  5:54  Pylon  
  80  5:56  Probe  
  86  5:59  Colossus  
  86  6:01  Extended Thermal Lance  
  86  6:02  Probe  
  87  6:04  Gateway  
  93  6:11  Probe  
  90  6:19  Probe  
  90  6:25  Stalker x2  
  95  6:28  Probe  
  95  6:31  Gateway  
  95  6:33  Gateway  
  95  6:36  Shield Battery  
  95  6:39  Shield Battery  
  94  6:40  Gateway  
  92  6:49  Stalker x2  
  92  6:50  Probe  
  95  6:54  Colossus (Chrono Boost)  
  95  6:55  Probe  
  95  6:57  Probe  
  95  7:00  Stalker  
  102  7:02  Probe  
  102  7:08  Probe  
  104  7:09  Probe  
  104  7:14  Probe  
  102  7:15  Forge  
  102  7:20  Forge, Probe  
  101  7:24  Gateway, Stalker  
  101  7:26  Gateway, Stalker  
  101  7:27  Pylon  
  101  7:29  Sentry  
  107  7:30  Zealot  
  107  7:34  Pylon x2  
  107  7:36  Assimilator  
  109  7:43  Pylon  
  109  7:44  Warp Prism (Chrono Boost)  
  109  7:46  Protoss Ground Armor Level 1 (Chrono Boost)  
  111  7:51  Gravitic Drive  
  111  7:53  Protoss Ground Weapons Level 1 (Chrono Boost)  
  111  7:58  Shield Battery, Stalker  
  111  7:59  Pylon  
  111  8:04  Probe x3  
  111  8:05  Stalker  
  110  8:16  Zealot x2, Probe x3  
  116  8:21  Observer (Chrono Boost)  
  116  8:24  Pylon  
  116  8:28  Probe x2  
  116  8:31  Stalker x3  
  125  8:45  Zealot x5  
  132  8:58  Nexus  
  132  8:59  Pylon  
  132  9:02  Zealot x2  
  136  9:05  Robotics Facility  
  136  9:12  Observer (Chrono Boost)  
  137  9:22  Shield Battery  
  137  9:23  Pylon  
  135  9:24  Zealot x4  
  135  9:25  Stalker  
  135  9:27  Probe  
  146  9:34  Zealot x3  
  152  9:42  Observer (Chrono Boost)  
  152  9:45  Zealot x4  
  143  9:57  Protoss Ground Weapons Level 2 (Chrono Boost), Protoss Ground Armor Level 2 (Chrono Boost)  
  141  10:04  Zealot x4, Warp Prism (Chrono Boost)  
  150  10:07  Probe x2  
  150  10:08  Probe  
  150  10:14  Zealot x3  
  150  10:18  Probe (Chrono Boost)  
  151  10:22  Probe (Chrono Boost)  
  151  10:23  Photon Cannon, Probe (Chrono Boost)  
  151  10:24  Probe (Chrono Boost)  
  150  10:29  Zealot x3  
  150  10:34  Disruptor (Chrono Boost), Probe (Chrono Boost)  
  160  10:40  Disruptor (Chrono Boost)  
  164  10:49  Nexus  
  164  10:52  Dark Shrine  
  164  10:56  Pylon  
  164  11:01  Zealot  
  164  11:02  Disruptor  
  164  11:03  Zealot  
  172  11:07  Pylon  
  172  11:08  Pylon  
  172  11:13  Disruptor (Chrono Boost)  
  174  11:19  Zealot x3  
  174  11:22  Pylon  
  174  11:23  Pylon  
  180  11:32  Gateway  
  180  11:34  Gateway  
  180  11:36  Gateway  
  180  11:38  Gateway  
  180  11:46  Disruptor x2 (Chrono Boost)  
  180  11:51  Robotics Facility  
  184  11:58  Protoss Ground Weapons Level 3 (Chrono Boost)  
  180  12:07  Protoss Ground Armor Level 3 (Chrono Boost)  
  174  12:12  Disruptor (Chrono Boost)  
  180  12:16  Nexus  
  180  12:17  Robotics Facility  
  180  12:18  Pylon  
  180  12:20  Disruptor (Chrono Boost)  
  180  12:23  Gravitic Boosters  
  180  12:30  Zealot  
  180  12:31  Pylon  
  180  12:32  Shield Battery  
  180  12:34  Shield Battery  
  180  12:35  Photon Cannon  
  180  12:36  Photon Cannon  
  182  12:37  Photon Cannon x2  
  182  12:39  Photon Cannon x2  
  182  12:42  Photon Cannon  
  181  12:55  Dark Templar x8  
  197  12:58  Dark Templar  
  197  13:05  Shield Battery  
  195  13:14  Stalker x3  
  199  13:21  Shadow Stride (Chrono Boost)  
  192  13:35  Zealot x2  
  192  13:36  Zealot x2  
  198  13:48  Dark Templar  
  200  13:57  Shield Battery  
  200  13:59  Pylon  
  200  14:01  Zealot x3  
  198  14:05  Warp Prism  
  186  14:17  Zealot x7  
  200  14:32  Nexus  
  200  14:34  Photon Cannon  
  200  14:36  Shield Battery  
  200  14:37  Photon Cannon  
  200  14:38  Pylon  
  198  14:41  Photon Cannon  
  198  14:51  Zealot x2  
  198  14:52  Zealot x2  
  200  14:57  Zealot x2  
  198  15:05  Dark Templar x6  
  192  15:13  Dark Templar x4  
  190  15:18  Zealot  
Show
View Real Time Build Order
Export as new Build Order

HeroMarine Terran 

Build Orders:  

Get SALT Encoding   

  12  0:00  SCV  
  13  0:12  SCV  
  14  0:17  Supply Depot  
  14  0:24  SCV  
  15  0:38  SCV  
  15  0:40  Barracks  
  16  0:43  Refinery  
  16  0:50  SCV  
  17  1:02  SCV  
  18  1:15  SCV  
  19  1:27  Orbital Command  
  20  1:39  Command Center  
  19  1:42  Marine  
  20  1:54  Factory  
  20  1:57  SCV  
  21  2:06  Barracks Reactor  
  21  2:08  Refinery  
  21  2:09  SCV  
  21  2:14  Supply Depot  
  22  2:21  SCV  
  23  2:35  SCV  
  24  2:37  Hellion  
  24  2:39  Starport  
  24  2:42  Marine x2  
  28  2:47  SCV  
  29  2:52  Orbital Command  
  29  2:59  SCV  
  29  3:01  Hellion  
  32  3:08  Marine x2  
  32  3:11  SCV  
  35  3:16  Medivac  
  35  3:19  SCV  
  38  3:23  Hellion  
  38  3:24  SCV  
  38  3:26  Marine  
  42  3:27  Marine  
  42  3:31  SCV  
  44  3:36  SCV, Supply Depot  
  45  3:43  SCV  
  45  3:46  Factory Tech Lab, Supply Depot  
  46  3:49  Starport Tech Lab  
  46  3:51  Barracks  
  46  3:57  SCV x2  
  48  4:03  Marine x2  
  48  4:05  Siege Tank  
  48  4:09  SCV x2  
  55  4:11  Raven  
  56  4:21  SCV, Marine x2  
  56  4:23  Supply Depot, SCV  
  60  4:27  Barracks  
  60  4:33  SCV  
  60  4:35  SCV  
  62  4:40  Refinery  
  62  4:42  Engineering Bay  
  62  4:45  Siege Tank, SCV, Marine x2  
  67  4:46  Supply Depot  
  67  4:47  SCV  
  67  4:51  Stimpack  
  67  4:52  Marine  
  70  4:59  Supply Depot  
  70  5:01  Refinery  
  70  5:07  SCV x2, Marine x2  
  70  5:08  Terran Infantry Weapons Level 1  
  70  5:12  Marine  
  73  5:19  Starport Reactor, SCV x2  
  73  5:25  Factory Reactor, Marine x2  
  73  5:27  Marauder  
  75  5:28  Combat Shield  
  75  5:30  Marauder  
  75  5:31  SCV x2  
  75  5:32  Supply Depot  
  79  5:42  Marine x2  
  79  5:48  Supply Depot x2, Marauder, SCV  
  79  5:49  SCV  
  85  5:54  Marauder  
  85  5:55  Supply Depot  
  87  6:00  Marine x2  
  89  6:09  Marauder  
  89  6:10  Widow Mine x2, Medivac x2  
  99  6:15  Marauder  
  99  6:18  Marine  
  101  6:19  Marine  
  103  6:31  Marauder  
  105  6:33  Concussive Shells  
  105  6:36  Marine  
  105  6:37  Marauder, Widow Mine x2  
  112  6:40  Command Center, Medivac  
  112  6:43  Medivac  
  117  6:47  SCV x2  
  117  6:48  Supply Depot  
  117  6:50  Supply Depot  
  113  6:59  Marauder x2  
  117  7:01  SCV  
  117  7:02  Terran Infantry Armor Level 1  
  117  7:03  SCV  
  111  7:13  Widow Mine x2, Medivac x2  
  111  7:14  Marine x2  
  115  7:22  Armory  
  114  7:26  Marauder  
  114  7:29  Barracks, Marauder  
  116  7:31  Barracks  
  116  7:32  Marine x2  
  116  7:35  SCV x2  
  120  7:43  Viking x2  
  124  7:47  SCV x2  
  124  7:49  Ghost Academy  
  126  7:52  Orbital Command  
  126  7:59  SCV x2  
  126  8:02  Marauder x2  
  126  8:04  Marine x2  
  132  8:13  Viking x2  
  132  8:14  Supply Depot  
  132  8:15  SCV  
  132  8:16  SCV  
  136  8:24  Barracks Reactor, Barracks Tech Lab  
  136  8:26  Refinery x2  
  136  8:30  SCV x3  
  139  8:37  Marauder x2  
  141  8:42  SCV x3  
  141  8:43  Viking x2  
  148  8:55  Engineering Bay  
  148  8:56  Marine x2  
  148  8:58  Marauder  
  148  9:00  Terran Infantry Weapons Level 2  
  152  9:05  Command Center  
  152  9:09  Marauder x2, Marine  
  157  9:14  Supply Depot  
  157  9:15  Supply Depot  
  157  9:22  Starport  
  157  9:30  Missile Turret  
  157  9:31  Missile Turret  
  157  9:35  Marine  
  157  9:36  Viking x2, SCV x2, Marine  
  157  9:37  SCV  
  165  9:43  Marauder x2  
  162  9:48  SCV x2  
  162  9:49  SCV  
  162  9:52  Marine x2  
  154  9:53  Marauder  
  154  9:56  Marine  
  139  10:03  Marine  
  139  10:05  Marauder x2  
  139  10:06  Viking x2  
  142  10:10  Marine x2  
  142  10:13  Marine x2  
  139  10:23  Marine  
  139  10:26  Marauder, Marine  
  139  10:27  Terran Infantry Armor Level 2  
  137  10:29  Marine x2  
  137  10:30  Sensor Tower  
  137  10:31  Marine, SCV  
  137  10:32  SCV  
  137  10:33  Bunker  
  143  10:35  Ghost  
  143  10:45  Viking x2  
  143  10:46  Medivac  
  149  10:50  Marine  
  149  10:52  Marauder, Supply Depot  
  149  10:55  Ghost  
  149  10:57  Marine x3  
  156  11:04  Viking  
  156  11:05  Marauder  
  156  11:07  Marine  
  160  11:14  Marauder  
  162  11:21  Planetary Fortress  
  162  11:23  Missile Turret  
  162  11:27  Marauder x2, Marine x4  
  169  11:32  Barracks  
  169  11:35  Barracks x2, Marauder  
  168  11:44  Marine  
  169  11:47  Ghost, SCV x3  
  169  11:51  Ghost  
  169  11:52  Marine x3  
  179  11:56  Marine  
  179  11:57  SCV  
  179  11:59  SCV x3  
  184  12:02  Marine  
  185  12:09  SCV  
  185  12:10  Marine  
  185  12:13  Marine x2  
  185  12:14  Marauder  
  185  12:15  Missile Turret  
  191  12:16  Missile Turret  
  191  12:17  Marauder  
  191  12:19  Viking  
  191  12:20  Marine  
  196  12:27  Sensor Tower  
  196  12:28  Command Center  
  196  12:29  Barracks Reactor  
  196  12:30  Barracks Tech Lab  
  196  12:32  Barracks Tech Lab  
  196  12:43  Supply Depot  
  196  12:55  Terran Infantry Weapons Level 3  
  196  13:00  Command Center  
  196  13:04  Marine x2  
  196  13:05  Viking  
  200  13:08  Marauder  
  200  13:09  Marauder  
  199  13:33  Ghost  
  200  13:54  Ghost  
  200  13:55  Ghost  
  173  14:03  Marine x2, Medivac x3  
  173  14:07  Marauder x2, Marine  
  179  14:13  Marauder, Marine  
  179  14:14  SCV x2  
  179  14:15  SCV x2  
  179  14:16  Medivac  
  187  14:24  Ghost  
  187  14:26  Ghost  
  187  14:27  Marine x2  
  187  14:28  Marauder, Marine x3  
  187  14:29  Marauder  
  187  14:31  Missile Turret  
  200  14:43  Orbital Command  
  200  14:44  Marine  
  200  14:45  Sensor Tower, Missile Turret  
  188  14:53  Marauder, Marine x4  
  181  15:02  Marauder  
  181  15:03  Marine  
  181  15:04  Marauder  
  181  15:05  Marine x2  
  181  15:06  Marauder  
  151  15:10  Marine  
  151  15:11  Marine  
  151  15:13  Marine x2  
Tags
 
Add a new tag
Caveats
  • Supply blocks, unpowered buildings, or Contaminate may cause inaccurate times.
  • Supply counts are checked every 10 seconds.